 Dungeon Crawl Stone Soup version 0.28.0 (webtiles) character file.

Game seed: 14593688249415225269

11881 xSliceyx the Devastator (level 11, -5/63 HPs)
             Began as a Deep Elf Conjurer on Feb 4, 2022.
             Was a Priest of Vehumet.
             Shot with an arrow by a centaur warrior (16 damage)
             ... on level 11 of the Dungeon.
             The game lasted 00:52:12 (13245 turns).

xSliceyx the Devastator (Deep Elf Conjurer)        Turns: 13245, Time: 00:52:13

Health: -5/63      AC: 11    Str:  4    XL:     11   Next: 55%
Magic:  27/34      EV: 17    Int: 31    God:    Vehumet [***...]
Gold:   684        SH:  0    Dex: 15    Spells: 3/26 levels left

rFire   + . .      SeeInvis .   H - +7 spear of the Traitor {holy, Int+3 Stlth+}
rCold   + . .      Faith    .   (no shield)
rNeg    + . .      Spirit   .   L - +2 robe {rN+}
rPois   +          Reflect  .   e - +1 helmet
rElec   .          Harm     .   u - +2 cloak {rPois}
rCorr   .          Rampage  .   p - +1 Delatra's gloves {ID++}
Will    +....                   (no boots)
Stlth   +++.......              (no amulet)
HPRegen 0.20/turn               M - ring "Buyh" {rF+ rC+ Dex+2}
MPRegen 0.24/turn               A - ring of magical power

@: no status effects
A: no striking features
a: Renounce Religion


You were on level 11 of the Dungeon.
You worshipped Vehumet.
Vehumet was most pleased with you.
You visited 2 branches of the dungeon, and saw 12 of its levels.

You collected 684 gold pieces.

Inventory:

Hand Weapons
 t - a +2 quarterstaff of chaos
 v - a +2 mace of protection
 H - the +7 spear of the Traitor (weapon) {holy, Int+3 Stlth+}
   (You found it on level 7 of the Dungeon)

   It has been blessed by the Shining One to cause great damage to the undead
   and demons.
   Int:       It affects your intelligence (+3).
   Stlth:     It makes you more stealthy.
 J - a +3 great sword
 K - a +2 scimitar of flaming
Missiles
 f - 20 poisoned darts
 m - 3 silver javelins
 B - 3 curare-tipped darts
 P - a throwing net
Armour
 e - a +1 helmet (worn)
 p - the +1 Delatra's gloves (worn) {ID++}
   (You found it on level 4 of the Dungeon)

   It heals its wearer when they drink unknown potions.
   It restores its wearer's MP when they read unknown scrolls.
 u - a +2 cloak of poison resistance (worn)
 L - a +2 robe of positive energy (worn)
Jewellery
 a - an amulet of the acrobat
 w - a ring of protection from fire
 A - a ring of magical power (right hand)
 D - a ring of willpower
 M - the ring "Buyh" (left hand) {rF+ rC+ Dex+2}
   (You found it on level 10 of the Dungeon)

   [ring of protection from cold]

   Dex:       It affects your dexterity (+2).
   rF:        It protects you from fire.
   rC:        It protects you from cold.
Wands
 r - a wand of polymorph (10)
 x - a wand of iceblast (26)
 z - a wand of flame (14)
 I - a wand of acid (11)
 Q - a wand of paralysis (4)
Scrolls
 b - 3 scrolls of enchant weapon {unknown}
 c - 8 scrolls of identify {unknown}
 h - a scroll of holy word {unknown}
 i - a scroll of vulnerability {unknown}
 j - 3 scrolls of teleportation {unknown}
 k - 3 scrolls of noise {unknown}
 s - a scroll of fear {unknown}
 y - 2 scrolls of enchant armour {unknown}
 F - 3 scrolls of magic mapping {unknown}
 N - a scroll of summoning {unknown}
 O - a scroll of immolation {unknown}
Potions
 d - a potion of berserk rage {unknown}
 g - 2 potions of heal wounds {unknown}
 l - 2 potions of cancellation {unknown}
 n - 4 potions of curing {unknown}
 o - 3 potions of lignification {unknown}
 q - a potion of haste {unknown}
 C - a potion of mutation {unknown}
 E - 4 potions of might {unknown}
 G - 2 potions of magic {unknown}
 R - a potion of degeneration {unknown}


   Skills:
 - Level 5.0 Fighting
 - Level 9.6 Dodging
 - Level 2.4 Stealth
 - Level 8.0 Spellcasting
 + Level 16.3 Conjurations


You had 3 spell levels left.
You knew the following spells:

 Your Spells              Type           Power      Damage    Failure   Level
a - Magic Dart            Conj           100%       1d8       0%          1
b - Searing Ray           Conj           100%       2d8       0%          2
c - Dazzling Flash        Conj/Hex       100%       N/A       1%          3
d - Fulminant Prism       Conj/Hex       29%        3d14      1%          4
e - Iskenderun's Mystic   Conj/Tloc      58%        2d12      1%          4
f - Hailstorm             Conj/Ice       58%        3d13      1%          4
g - Lightning Bolt        Conj/Air       29%        1d45      1%          5

Your spell library contained the following spells:

 Spells                   Type           Power      Damage    Failure   Level
 Mephitic Cloud           Conj/Pois/Air  46%        N/A       1%          3
 Static Discharge         Conj/Air       58%        N/A       1%          2
 Inner Flame              Hex/Fire       12%        N/A       3%          3
 Animate Skeleton         Necr           24%        N/A       4%          1
 Pain                     Necr           48%        1d6       4%          1
 Gell's Gravitas          Tloc           12%        N/A       12%         3
 Lesser Beckoning         Tloc           12%        N/A       12%         3
 Ozocubu's Armour         Ice            12%        N/A       12%         3
 Portal Projectile        Hex/Tloc       24%        N/A       12%         3
 Teleport Other           Tloc           12%        N/A       12%         3
 Vampiric Draining        Necr           12%        2d6       12%         3
 Animate Dead             Necr           6%         N/A       36%         4
 Cause Fear               Hex            6%         N/A       36%         4
 Ice Form                 Ice/Tmut       12%        N/A       36%         4
 Borgnjor's Vile Clutch   Necr/Erth      6%         N/A       73%         5
 Metabolic Englaciation   Hex/Ice        6%         N/A       73%         5
 Summon Forest            Summ/Tloc      6%         N/A       73%         5
 Death Channel            Necr           6%         N/A       99%         6
 Simulacrum               Ice/Necr       6%         N/A       99%         6
 Discord                  Hex            6%         N/A       100%        8
 Disjunction              Tloc           6%         N/A       100%        8
 Maxwell's Capacitive Co  Air            6%         ∞         100%        8


Dungeon Overview and Level Annotations

Branches:
Dungeon (11/15)            Temple (1/1) D:6            Lair (0/6) D:9
    Orc (0/2) D:10

Altars:
Ashenzari
Dithmenos
Gozag
Uskayaw
Vehumet
Zin
Beogh

Shops:
D:11 *

Annotations:
D:11 3 runed translucent doors, limozeen581's ghost, journeyman DEWz


Message History

There is an open door here.
You open the door.
There is an open door here.
A centaur warrior comes into view.
Found a great sword.
The centaur warrior shouts!
The centaur warrior wields a +0 shortbow.
The centaur warrior shoots an arrow.
The arrow hits you!!
Casting: Iskenderun's Mystic Blast (safe; 1% risk of failure)
Confirm with . or Enter, or press ? or * to list all spells.
You can't see any susceptible monsters within range! (Use Z to cast anyway.)
Casting: Iskenderun's Mystic Blast (safe; 1% risk of failure)
Confirm with . or Enter, or press ? or * to list all spells.
Aiming: Fulminant Prism (safe; 1% risk of failure)
Press: ? - help, Dir - move target You conjure a prism of explosive energy!
A fulminant prism comes into view.
The centaur warrior shoots an arrow.
The arrow hits you!
You hear a loud crackle.
You hear an explosion!
You hear a horrible gurgling sound!
The centaur warrior wields a +0 shortbow.
The centaur warrior shoots an arrow.
The arrow closely misses you.
Casting: Fulminant Prism (safe; 1% risk of failure)
Confirm with . or Enter, or press ? or * to list all spells.
Aiming: Searing Ray (safe; 0% risk of failure)
Press: ? - help, Shift-Dir - straight line, f - centaur warrior
Aim: a centaur warrior, wielding a +0 shortbow and quivering arrows (moderately wounded, 87% to hit)
The searing ray hits the centaur warrior!
The centaur warrior is heavily wounded. (Press . to maintain the ray.)
The centaur warrior shoots an arrow.
The arrow hits you!
The centaur warrior shoots an arrow.
The arrow misses you.
The searing ray hits the centaur warrior!
The centaur warrior is severely wounded.
The centaur warrior shoots an arrow.
The arrow hits you!
* * * LOW HITPOINT WARNING * * *
The searing ray hits the centaur warrior!
The centaur warrior is almost dead.
The centaur warrior shoots an arrow.
The arrow hits you!
You die...

#......# #......####
#......##### #.(....+...
#..........###.....<####
#......###...'......#
#......# #####......#
#####.## ######## #.##
#..### ##.@.# # ###.# #
..# # ..# # .c# # .)# #
..# ...


You could see a centaur warrior.

Vanquished Creatures
  A boulder beetle (D:9)
  2 two-headed ogres
  Erica (D:9)
  A manticore (D:7)
  Joseph (D:10)
  A gargoyle (D:6)
  Maggie (D:10)
  Grinder (D:5)
  Sigmund (D:2)
  A shadow (D:10)
  A vampire (D:5)
  A wraith (D:10)
  A wyvern (D:9)
  A steam dragon (D:9)
  18 yaks
  2 acid dragons (D:10)
  3 water moccasins
  An orc warrior (D:9)
  3 black bears
  A sky beast (D:5)
  A necrophage (D:6)
  3 ogres
  An ice beast (D:6)
  A centaur (D:9)
  A phantom (D:10)
  6 bullfrogs
  A kobold brigand (D:9)
  A gnoll sergeant (D:10)
  3 water moccasin zombies (D:5)
  A wyvern zombie (D:7)
  6 scorpions
  A troll zombie (D:10)
  13 wights
  2 howler monkeys
  2 bullfrog skeletons
  3 bullfrog zombies
  2 centaur zombies
  4 hounds
  A gnoll shaman (D:9)
  Crazy Yiuf (D:4)
  4 orc priests
  2 jellies
  3 centaur skeletons
  2 iguanas (D:5)
  A scorpion zombie (D:5)
  5 orc wizards
  A killer bee zombie (D:5)
  7 ogre zombies (D:10)
  A hound zombie (D:5)
  7 gnolls
  10 adders
  A white imp (D:5)
  An ufetubus (D:5)
  2 worms
  A dart slug (D:3)
  18 orcs
  2 endoplasms
  6 giant cockroaches
  10 goblins
  5 hobgoblins
  2 jackals (D:5)
  4 quokkas
  11 ball pythons
  3 bats
  6 frilled lizards (D:1)
  5 goblin zombies (D:10)
  A hobgoblin skeleton (D:10)
  2 hobgoblin zombies (D:10)
  9 kobolds
  4 orc skeletons (D:10)
  12 orc zombies (D:10)
  6 rats
251 creatures vanquished.

Vanquished Creatures (others)
  34 fulminant prisms
  31 fungi (D:9)
  26 plants (D:9)
91 creatures vanquished.

Grand Total: 342 creatures vanquished

Notes
Turn   | Place    | Note
-------+----------+-------------------------------------------
     0 | D:1      | xSliceyx the Deep Elf Conjurer began the quest for the Orb.
     0 | D:1      | Reached XP level 1. HP: 10/10 MP: 6/6
   191 | D:1      | Reached XP level 2. HP: 15/15 MP: 6/9
   446 | D:1      | Learned a level 2 spell: Searing Ray
   709 | D:1      | Found a faded altar of an unknown god.
   733 | D:1      | Reached XP level 3. HP: 19/19 MP: 7/11
   857 | D:1      | Reached skill level 5 in Spellcasting
  1468 | D:2      | Noticed Sigmund
  1869 | D:3      | Reached XP level 4. HP: 24/24 MP: 7/13
  2112 | D:2      | Found a hide-covered altar of Uskayaw.
  2880 | D:3      | Reached XP level 5. HP: 28/28 MP: 5/16
  3484 | D:3      | Learned a level 3 spell: Dazzling Flash
  3489 | D:3      | Learned a level 4 spell: Fulminant Prism
  3494 | D:3      | Learned a level 4 spell: Iskenderun's Mystic Blast
  3506 | D:4      | Reached skill level 5 in Conjurations
  3506 | D:4      | Reached XP level 6. HP: 32/32 MP: 13/19
  3593 | D:4      | Found the +1 Delatra's gloves {ID++}
  3682 | D:4      | Reached skill level 6 in Conjurations
  4131 | D:4      | Reached XP level 7. HP: 36/36 MP: 18/20
  4226 | D:4      | Found a runed translucent door.
  4227 | D:4      | Noticed Crazy Yiuf
  4234 | D:4      | Killed Crazy Yiuf
  4620 | D:2      | Killed Sigmund
  4621 | D:2      | Reached skill level 7 in Conjurations
  4931 | D:5      | Entered Level 5 of the Dungeon
  4938 | D:5      | Reached skill level 8 in Conjurations
  5352 | D:5      | Reached XP level 8. HP: 41/41 MP: 14/22
  5413 | D:5      | Reached skill level 9 in Conjurations
  5628 | D:5      | Found a hide-covered altar of Uskayaw.
  5957 | D:5      | Reached skill level 10 in Conjurations
  6018 | D:5      | Noticed Grinder
  6020 | D:5      | Paralysed by Grinder for 4 turns
  6029 | D:5      | Paralysed by Grinder for 4 turns
  6034 | D:5      | Killed Grinder
  6159 | D:5      | Reached skill level 11 in Conjurations
  6370 | D:5      | Reached XP level 9. HP: 45/45 MP: 14/23
  6504 | D:5      | Noticed a two-headed ogre
  6543 | D:5      | HP: 2/45 [two-headed ogre (22)]
  6545 | D:5      | Killed a two-headed ogre
  6546 | D:5      | Reached skill level 12 in Conjurations
  7302 | D:6      | Found a staircase to the Ecumenical Temple.
  7311 | Temple   | Entered the Ecumenical Temple
  7317 | Temple   | Became a worshipper of Vehumet
  7333 | D:6      | Reached skill level 5 in Fighting
  7623 | D:6      | Noticed a gargoyle
  7626 | D:6      | Killed a gargoyle
  7627 | D:6      | Reached skill level 5 in Dodging
  7943 | D:7      | Noticed a manticore
  7952 | D:7      | Killed a manticore
  8313 | D:7      | Reached XP level 10. HP: 59/59 MP: 24/24
  8448 | D:7      | Learned a level 4 spell: Hailstorm
  8454 | D:7      | Learned a level 5 spell: Lightning Bolt
  8482 | D:7      | Identified the +7 spear of the Traitor {holy, Int+3 Stlth+}
  9384 | D:8      | Got the Catalogue of the Spatial Snowflakes
  9555 | D:9      | Reached * piety under Vehumet
  9555 | D:9      | Offered knowledge of Foxfire by Vehumet.
  9568 | D:9      | Reached skill level 13 in Conjurations
  9575 | D:9      | Noticed a two-headed ogre
  9589 | D:9      | Killed a two-headed ogre
  9750 | D:9      | Found a staircase to the Lair.
  9758 | D:9      | Noticed Erica
  9767 | D:9      | Killed Erica
  9768 | D:9      | Reached skill level 14 in Conjurations
 10027 | D:9      | Noticed a boulder beetle
 10062 | D:9      | Killed a boulder beetle
 10063 | D:9      | Reached XP level 11. HP: 27/63 MP: 6/25
 11109 | D:10     | Entered Level 10 of the Dungeon
 11115 | D:10     | Noticed Joseph
 11125 | D:10     | Killed Joseph
 11131 | D:10     | Reached skill level 15 in Conjurations
 11413 | D:10     | Reached ** piety under Vehumet
 11428 | D:10     | Offered knowledge of Scorch by Vehumet.
 11610 | D:10     | Found a staircase to the Orcish Mines.
 11655 | D:10     | Identified the ring "Buyh" {rF+ rC+ Dex+2}
 11770 | D:10     | Offered knowledge of Mephitic Cloud by Vehumet.
 12435 | D:10     | Noticed Maggie
 12442 | D:10     | Killed Maggie
 12638 | D:11     | Found a runed translucent gate.
 12639 | D:11     | Found a runed translucent gate.
 12640 | D:11     | Found a runed translucent gate.
 12642 | D:11     | Found an opulent altar of Gozag.
 12643 | D:11     | Noticed limozeen581's ghost (journeyman DEWz)
 12643 | D:11     | Noticed a deep troll earth mage
 12645 | D:11     | Noticed an ogre mage
 12645 | D:11     | Noticed an eight-headed hydra
 12682 | D:11     | Reached skill level 16 in Conjurations
 12948 | D:11     | Reached *** piety under Vehumet
 13192 | D:11     | Found Enneg's Serpentskin Sales.
 13238 | D:11     | Noticed a centaur warrior
 13245 | D:11     | Shot with an arrow by a centaur warrior

Illustrated notes

Levels and vault maps discovered:
D:1:      dpeg_arrival_lava_altar, layout_basic, basic_ecumenical_altar,
          minmay_splitting_lines
D:2:      layout_basic, basic_altar, uniq_sigmund
D:3:      layout_loops_cross, serial_bayou_pond_c, kennysheep_orc_chapel
D:4:      layout_basic, kennysheep_small_square, uniq_crazy_yiuf_cottage
D:5:      kennysheep_windowed_halls, layout_cave_pools,
          mainiacjoe_overflow_chevrons, uniq_grinder
D:6:      layout_rooms, minmay_temple_entry_drinking_statues, serial_curves,
          eino_curves_04, eino_curves_02, eino_curves_02, eino_curves_01,
          serial_bayou_ford_a
D:7:      layout_loops_ring
D:8:      layout_basic, uniq_prince_ribbit1
D:9:      layout_gridville, due_lair_maze_entry_diamond, nzn_sisyphean_effort,
          uniq_erica
D:10:     layout_loops_ring, zombieorc2_lemuel, uniq_maggie, uniq_joseph
D:11:     layout_roguey, ebering_ghost_gozag,
          amcnicky_mini_rare_corridor_liquid, guppyfry_shop_venom
Temple:   nicolae_temple_the_god_donut

Skill      XL: |  1  2  3  4  5  6  7  8  9 10 11 |
---------------+----------------------------------+-----
Spellcasting   | 4 5 7 8 |  8.0
Conjurations   | 5 6 8 11 12 14 16 | 16.3
Dodging        | 3 7 9 |  9.6
Fighting       | 5 |  5.0
Stealth        | |  2.4

Action                   |  1- 3 |  4- 6 |  7- 9 | 10-12 || total
-------------------------+-------+-------+-------+-------++-------
Melee: Club              |     2 |       |       |       ||     2
       Short sword       |     2 |       |       |       ||     2
 Cast: Magic Dart        |    75 |    46 |    80 |    40 ||   241
       Searing Ray       |     2 |    15 |    53 |    71 ||   141
       Fulminant Prism   |       |       |     2 |    32 ||    34
       Dazzling Flash    |       |       |     1 |       ||     1
       Lightning Bolt    |       |       |       |    14 ||    14
       Iskenderun's Myst |       |       |       |    15 ||    15
       Hailstorm         |       |       |       |     5 ||     5
Armor: Robe              |     4 |     1 |    19 |     9 ||    33
Dodge: Dodged            |    12 |     1 |    43 |    36 ||    92
